 Dungeon Crawl Stone Soup version 0.19.5 (webtiles) character file.

74 Graywind the Shield-Bearer (level 4, -1/35 HPs)
             Began as a Demonspawn Fighter on Apr 6, 2017.
             Was an Initiate of Yredelemnul.
             Slain by an ogre
             ... wielding a +0 giant spiked club
              (7 damage)
             ... on level 4 of the Dungeon.
             The game lasted 00:10:03 (1442 turns).

Graywind the Shield-Bearer (Demonspawn Fighter)     Turns: 1442, Time: 00:10:04

Health: -1/35      AC: 14    Str: 17    XL:     4   Next: 9%
Magic:  4/4        EV:  7    Int:  9    God:    Yredelemnul [......]
Gold:   114        SH:  9    Dex: 13    Spells: 0 memorised, 3 levels left

rFire  . . .     SeeInvis .     a - +1 flail
rCold  . . .     Gourm    .     b - +0 scale mail
rNeg   . . .     Faith    .     c - +0 shield
rPois  .         Spirit   .     (no helmet)
rElec  .         Reflect  .     (no cloak)
rCorr  +         Harm     .     q - +1 pair of gloves
MR     .....                    (no boots)
Stlth  ..........               h - amulet of magic regeneration
                                (no ring)
                                r - ring of resist corrosion

@: sanguine armour
A: claws 1, sanguine armour 1
a: Renounce Religion


You were on level 4 of the Dungeon.
You worshipped Yredelemnul.
Yredelemnul was noncommittal.
You were not hungry.

You visited 1 branch of the dungeon, and saw 4 of its levels.

You collected 114 gold pieces.

Inventory:

Hand Weapons
 a - a +1 flail (weapon)
Missiles
 e - 17 bolts
 s - 20 sling bullets
Armour
 b - a +0 scale mail (worn)
 c - a +0 shield (worn)
 q - a +1 pair of gloves (worn)
Jewellery
 h - an amulet of magic regeneration (around neck)
 r - a ring of resist corrosion (left hand)
Scrolls
 l - a scroll of teleportation
Potions
 d - a potion of haste
 i - 2 potions of flight
 j - a potion of resistance
 n - a potion of curing {unknown}
 o - a potion of berserk rage {unknown}
 p - a potion of magic {unknown}
 t - a potion of ambrosia
Comestibles
 f - 2 bread rations
 g - 3 meat rations
 k - 4 fruits


   Skills:
 + Level 3.1 Fighting
 + Level 2.6 Maces & Flails
 + Level 3.1 Armour
 + Level 0.5 Dodging
 + Level 3.3 Shields


You had 3 spell levels left.
You didn't know any spells.

Dungeon Overview and Level Annotations

Branches:
Dungeon (4/15)
 Temple: D:4-7

Altars:
Ashenzari
Elyvilon
Okawaru
Yredelemnul
The Shining One

Shops:
D:4 [


Innate Abilities, Weirdness & Mutations

You have sharp fingernails.
When seriously injured, your bleeding wounds create armour. (AC +6)


Message History

The ogre hits you with a giant spiked club!
Your blood congeals into armour.
You block the quokka skeleton's attack.
You closely miss the ogre.
The ogre is lightly wounded.
The ogre barely misses you.
You hit the ogre.
The ogre is moderately wounded.
The ogre closely misses you.
You sock the ogre!
The ogre is heavily wounded.
You block the ogre's attack.
You sock the ogre!
The ogre is severely wounded.
The ogre hits you with a giant spiked club!
* * * LOW HITPOINT WARNING * * *
You hit the ogre.
The ogre is almost dead.
The ogre hits you with a giant spiked club!
You die...
Your body rises from the dead as a mindless zombie.

###
#.########.#⌠#+##
#..........###
####.####### #.#
#.# #.# #.#
...########.#
#..>..@OZ<.#
...#.####.#.#
#....# #......
........
#....%.##
......## .......


You could see an ogre and a quokka skeleton.

Vanquished Creatures
  Terence (D:3)
  An adder (D:3)
  A worm (D:3)
  A dart slug (D:2)
  A leopard gecko (D:3)
  4 bats
  2 giant cockroaches
  A goblin (D:1)
  5 hobgoblins
  2 jackals (D:2)
  3 kobolds
  3 quokkas
  4 frilled lizards
  2 rats
31 creatures vanquished.

Vanquished Creatures (others)
  A quokka (D:4)
1 creature vanquished.

Grand Total: 32 creatures vanquished

Notes
Turn   | Place    | Note
-------+----------+-------------------------------------------
     0 | D:1      | Graywind the Demonspawn Fighter began the quest for the Orb.
     0 | D:1      | Reached XP level 1. HP: 18/18 MP: 1/1
   352 | D:2      | Gained mutation: When seriously injured, your bleeding wounds create armour. (AC +6) [demonic ancestry]
   352 | D:2      | Reached XP level 2. HP: 24/24 MP: 2/2
   469 | D:2      | Found a white marble altar of Elyvilon.
   469 | D:2      | Found a glowing golden altar of the Shining One.
   483 | D:2      | Found a basalt altar of Yredelemnul.
   483 | D:2      | Found an iron altar of Okawaru.
   510 | D:2      | Became a worshipper of Yredelemnul the Dark
   670 | D:3      | Noticed Terence
   689 | D:3      | Killed Terence
   689 | D:3      | Reached XP level 3. HP: 17/29 MP: 3/3
   873 | D:3      | Found a faded altar of an unknown god.
   903 | D:3      | Found a shattered altar of Ashenzari.
   944 | D:3      | Gained mutation: You have sharp fingernails. [demonic ancestry]
   944 | D:3      | Reached XP level 4. HP: 32/35 MP: 4/4
  1092 | D:4      | Found Vaorgh's Armour Emporium.
  1152 | D:4      | Noticed an ogre
  1442 | D:4      | Slain by an ogre

Skill      XL: |  1  2 |
---------------+-------+-----
Maces & Flails | 2 |  2.6
Armour         | 3 |  3.1
Shields        | 3 |  3.3
Fighting       | |  3.1
Dodging        | |  0.5

Action                   |  1- 3 |  4- 6 || total
-------------------------+-------+-------++-------
Melee: Flail             |   132 |    35 ||   167
  Use: Scroll            |     7 |     2 ||     9
       Potion            |     1 |     1 ||     2
  Eat: Pizza             |       |     1 ||     1
       Chunk             |       |     1 ||     1
Armor: Scale mail        |    81 |    12 ||    93
Dodge: Dodged            |    21 |    11 ||    32
Block: Shield            |    62 |    19 ||    81
